 Dungeon Crawl Stone Soup version 0.29.1-15-g9cfb28693d (webtiles) character file.

Game seed: 14760367478085390002

27557 promet the Severer (level 13, -7/115 HPs)
             Began as a Minotaur Fighter on Mar 6, 2023.
             Was a Follower of Uskayaw.
             Mangled by a six-headed hydra (13 damage)
             ... on level 4 of the Lair of Beasts.
             The game lasted 01:33:22 (25529 turns).

promet the Severer (Minotaur Fighter)              Turns: 25529, Time: 01:33:22

Health: -7/115     AC: 16    Str: 23    XL:     13   Next: 5%
Magic:  17/17      EV:  9    Int:  7    God:    Uskayaw [*.....]
Gold:   1055       SH: 10    Dex: 11    Spells: 12/12 levels left

rFire   + . .      SeeInvis .   a - +8 war axe (venom)
rCold   . . .      Faith    .   c - +0 buckler
rNeg    . . .      Spirit   .   p - +1 chain mail {rF+}
rPois   .          Reflect  +   (helmet restricted)
rElec   .          Harm     .   (no cloak)
rCorr   +          Rampage  .   (no gloves)
Will    .....                   x - +2 pair of boots
Stlth   ..........              Q - amulet of reflection
HPRegen 0.29/turn               y - ring of resist corrosion
MPRegen 0.15/turn               (no ring)

@: about to teleport, slowed, very slow
A: horns 2, retaliatory headbutt
a: Renounce Religion, Stomp


You were on level 4 of the Lair of Beasts.
You worshipped Uskayaw.
Uskayaw was noncommittal.
You visited 2 branches of the dungeon, and saw 15 of its levels.
You also visited: Ossuary.

You collected 1055 gold pieces.

Inventory:

Hand Weapons
 a - a +8 war axe of venom (weapon)
 b - a +2 vorpal sling
 f - a +0 mace
 g - a +0 battleaxe
 h - a +2 whip of holy wrath
 t - a +0 trident
 I - a +0 club
 K - a +3 falchion
 L - a +3 short sword of freezing
 M - a +2 flail
 N - a +2 halberd
 O - a +3 long sword of draining
 P - a +4 scimitar of protection
 S - a +0 war axe of flaming
Missiles
 e - 42 stones
 o - 2 silver javelins
 q - 5 boomerangs
 r - a throwing net
 G - 2 curare-tipped darts
 H - 42 poisoned darts
 Y - 6 javelins (quivered)
Armour
 c - a +0 buckler (worn)
 k - a +0 plate armour
 p - a +1 chain mail of fire resistance (worn)
 x - a +2 pair of boots (worn)
Jewellery
 j - the ring of Nymiciug {Fly rC++ Will+++ Int-5}
   (You found it on level 5 of the Dungeon)

   [ring of flight]

   Int:       It affects your intelligence (-5).
   rC:        It greatly protects you from cold.
   Fly:       It grants you flight.
   Will:      It greatly increases your willpower.
 y - a ring of resist corrosion (left hand)
 Q - an amulet of reflection (around neck)
Wands
 l - a wand of charming (5)
 u - a wand of roots (8)
 D - a wand of flame (36)
 J - a wand of polymorph (4)
 W - a wand of digging (9)
Scrolls
 d - 3 scrolls of blinking
 m - 2 scrolls of magic mapping
 v - a scroll of fear
 w - 8 scrolls of teleportation
 R - a scroll of amnesia
 T - 10 scrolls of identify
 U - a scroll of enchant armour
 V - a scroll of poison
Potions
 i - 4 potions of lignification
 n - 3 potions of ambrosia
 s - a potion of heal wounds
 z - 3 potions of brilliance
 A - 4 potions of curing
 B - 2 potions of magic
 C - 3 potions of cancellation
 E - 2 potions of resistance
 F - 3 potions of might
 X - 2 potions of haste


   Skills:
 + Level 10.8 Fighting
 + Level 15.3(15.4) Axes
 + Level 0.3(9.9) Maces & Flails
 + Level 2.6(10.3) Polearms
 + Level 4.5 Ranged Weapons
 + Level 2.3 Throwing
 + Level 12.0 Armour
 + Level 3.7 Dodging
 + Level 6.0 Stealth
 + Level 8.0 Shields
 * Level 6.9 Invocations
 + Level 0.8 Evocations


You had 12 spell levels left.
You didn't know any spells.
Your spell library contained the following spells:

 Spells                   Type           Power      Damage    Failure   Level
 Sting                    Tmut/Pois      0%         1d3       96%         1
 Blink                    Tloc           0%         N/A       99%         2
 Ensorcelled Hibernation  Hex/Ice        0%         N/A       99%         2
 Poisonous Vapours        Pois/Air       0%         N/A       99%         2
 Lesser Beckoning         Tloc           0%         N/A       100%        3
 Spider Form              Tmut/Pois      0%         N/A       100%        3
 Anguish                  Hex/Necr       0%         N/A       100%        4
 Cause Fear               Hex            0%         N/A       100%        4
 Leda's Liquefaction      Hex/Erth       0%         N/A       100%        4
 Olgreb's Toxic Radiance  Pois           0%         N/A       100%        4
 Fireball                 Conj/Fire      0%         3d3       100%        5
 Lee's Rapid Deconstruct  Erth           0%         3d5*      100%        5
 Manifold Assault         Tloc           0%         N/A       100%        5
 Starburst                Conj/Fire      0%         6d3       100%        6
 Statue Form              Tmut/Erth      0%         N/A       100%        6
 Dragon Form              Tmut           0%         N/A       100%        7
 Ignition                 Fire           0%         3d3       100%        8
 Dragon's Call            Summ           0%         N/A       100%        9


Dungeon Overview and Level Annotations

Branches:
Dungeon (11/15)            Temple (0/1) D:4            Lair (4/5) D:10
 Shoals (0/4) Lair:2        Snake (0/4) Lair:3        Slime (0/5) Lair:4
Ossuary (visited)
    Orc: D:9-12

Altars:
Okawaru
Trog
Uskayaw
Wu Jian
The Shining One
Jiyva

Shops:
D:5 (

Annotations:
D:6 Pikel
D:9 exclusion: orange crystal statue
D:10 1 runed translucent door


Innate Abilities, Weirdness & Mutations

You have a pair of horns on your head.
You reflexively headbutt those who attack you in melee.


Message History

The seven-headed hydra bites you.
You block the seven-headed hydra's attack.
The seven-headed hydra bites you!
The seven-headed hydra bites you but does no damage.
The seven-headed hydra bites you!
The bullfrog hits you but does no damage.
You hack one of the seven-headed hydra's heads off!
The six-headed hydra grows two more!
You slice the eight-headed hydra!!
The eight-headed hydra is moderately wounded.
You hack one of the five-headed hydra's heads off!
The four-headed hydra grows two more!
You slash the six-headed hydra! You completely miss the bullfrog.
You hit the torpor snail but do no damage.
The torpor snail is poisoned.
The bullfrog completely misses you. You furiously retaliate!
You headbutt the bullfrog!
You block the six-headed hydra's attack.
The six-headed hydra bites you but does no damage.
The six-headed hydra completely misses you.
You block the six-headed hydra's attack.
The six-headed hydra barely misses you.
The six-headed hydra bites you but does no damage.
The eight-headed hydra bites you but does no damage. x2
The eight-headed hydra bites you.
* * * LOW HITPOINT WARNING * * *
The eight-headed hydra bites you!
* * * LOW HITPOINT WARNING * * *
The eight-headed hydra bites you but does no damage.
You block the eight-headed hydra's attack.
The eight-headed hydra bites you.
* * * LOW HITPOINT WARNING * * *
The eight-headed hydra barely misses you.
The torpor snail closely misses you. The six-headed hydra misses you.
You furiously retaliate!
You headbutt the six-headed hydra! The six-headed hydra barely misses you.
You block the six-headed hydra's attack.
The six-headed hydra bites you!
* * * LOW HITPOINT WARNING * * *
The six-headed hydra bites you but does no damage.
The six-headed hydra bites you!
You die...

.#.####.......................###
..##.#......########.########....
.>....####### .....♣♣ #....
..P.#.# . PP..♣♣ ####. ..#####
~P.... ## ..# PP..♣♣ ..#####
...♣♣ # ......# #####♣.♣# ###
###.. ......# ♣D@D♣...♣w..♣ #....
......# ♣FD♣w..#...♣ #..P#
..###.# ..F♣♣♣♣♣#⌠#♣♣♣ # # .##
#.# ~~(# ♣D..#...♣ ..# #.# #.
♣...♣...♣..?♣ .####.# . ### #♣.♣#
### .# #..# ♣♣♣♣♣♣.♣♣♣♣♣♣♣
.####.# #♣♣..♣.♣......P♣ ##
.P#PP.# #.~~.♣.♣.♣P≈~≈..####.


You could see an eight-headed hydra, a six-headed hydra, a four-headed hydra, a
torpor snail (very poisoned), a cane toad and a bullfrog.

Vanquished Creatures
  A hydra (Lair:3)
  3 two-headed ogres
  A death yak (Lair:4)
  An ugly thing (D:10)
  5 black mambas
  An unseen horror zombie (D:8)
  8 cane toads
  A rime drake (D:10)
  7 komodo dragons
  A kobold demonologist (D:9)
  A troll (D:11)
  6 dream sheep (Lair:3)
  Sigmund (D:2)
  2 vampires
  44 yaks
  A wraith (D:10)
  6 wyverns
  3 steam dragons
  Eustachio (D:6)
  A basilisk (D:10)
  A naga (Lair:3)
  11 water moccasins
  Duvessa (D:5)
  An acid dragon (D:10)
  3 hornet zombies (D:8)
  An ice beast (D:7)
  5 orc warriors
  A black bear (D:10)
  2 ogres
  A sky beast (D:6)
  16 wolves
  3 centaurs
  2 lemures (D:6)
  Blork the orc (D:6)
  17 bullfrogs
  6 kobold brigands
  3 scorpions
  2 elf skeletons (D:7)
  13 wights
  Dowan (D:5)
  6 howler monkeys
  3 centaur zombies (D:8)
  4 hounds
  6 orc priests
  A gnoll bouda (D:7)
  A jelly (D:7)
  Jessica (D:3)
  A human skeleton (D:7)
  3 iguanas
  8 orc wizards
  A killer bee zombie (D:8)
  4 mummies (Ossuary)
  3 howler monkey zombies (D:8)
  Robin (D:4)
  11 adders
  A shadow imp (D:5)
  An ufetubus (D:4)
  A worm (D:2)
  4 dart slugs
  41 orcs
  8 ball pythons
  9 bats
  7 endoplasms
  3 giant cockroaches
  2 gnoll zombies (Ossuary)
  15 goblins
  5 hobgoblins
  4 jackals (D:1)
  A quokka (D:1)
  4 frilled lizards
  A hobgoblin zombie (Ossuary)
  16 kobolds
  3 kobold zombies (Ossuary)
  3 orc skeletons (D:7)
  2 orc zombies (Ossuary)
  5 rats
376 creatures vanquished.

Vanquished Creatures (others)
  18 fungi
  27 plants
  4 withered plants (D:8)
49 creatures vanquished.

Grand Total: 425 creatures vanquished

Notes
Turn   | Place    | Note
-------+----------+-------------------------------------------
     0 | D:1      | promet the Minotaur Fighter began the quest for the Orb.
     0 | D:1      | Reached XP level 1. HP: 19/19 MP: 0/0
   563 | D:1      | Reached XP level 2. HP: 27/27 MP: 1/1
   925 | D:1      | Reached XP level 3. HP: 33/33 MP: 2/2
  1339 | D:2      | Noticed Sigmund
  1356 | D:2      | Killed Sigmund
  1357 | D:2      | Reached skill level 4 in Axes
  1357 | D:2      | Reached skill level 1 in Dodging
  1357 | D:2      | Reached XP level 4. HP: 25/41 MP: 3/3
  1357 | D:2      | Reached XP level 5. HP: 29/47 MP: 4/4
  1839 | D:2      | Found a faded altar of an unknown god.
  2085 | D:2      | Reached skill level 5 in Axes
  2637 | D:3      | Reached XP level 6. HP: 31/53 MP: 5/5
  2962 | D:3      | Reached skill level 1 in Ranged Weapons
  3000 | D:3      | Reached skill level 5 in Armour
  3037 | D:3      | Noticed Jessica
  3044 | D:3      | Killed Jessica
  3554 | D:4      | Found a staircase to the Ecumenical Temple.
  3594 | D:4      | Noticed Robin
  3602 | D:4      | Noticed an orc warrior
  3604 | D:4      | Killed Robin
  4168 | D:3      | Killed an orc warrior
  4169 | D:3      | Reached skill level 6 in Axes
  4669 | D:4      | Reached skill level 5 in Fighting
  4669 | D:4      | Reached XP level 7. HP: 61/61 MP: 6/6
  5155 | D:4      | Found a glowing golden altar of the Shining One.
  5156 | D:4      | Found a hide-covered altar of Uskayaw.
  5169 | D:4      | Became a worshipper of Uskayaw the Reveller
  5218 | D:5      | Entered Level 5 of the Dungeon
  5227 | D:5      | Reached * piety under Uskayaw
  5292 | D:5      | Reached ** piety under Uskayaw
  5321 | D:5      | Reached *** piety under Uskayaw
  5495 | D:5      | Noticed Duvessa
  5509 | D:5      | Noticed Dowan
  5525 | D:5      | Killed Duvessa
  5525 | D:5      | Killed Dowan
  5526 | D:5      | Reached skill level 7 in Axes
  5526 | D:5      | Reached skill level 1 in Stealth
  5660 | D:5      | Found Dunar's Weapon Emporium.
  5932 | D:5      | Reached skill level 8 in Axes
  5932 | D:5      | Reached XP level 8. HP: 61/68 MP: 7/7
  6337 | D:5      | Found an ornate altar of the Wu Jian Council.
  6365 | D:5      | Identified the ring of Nymiciug {Fly rC++ Will+++ Int-5}
  7644 | D:6      | Reached skill level 5 in Shields
  7654 | D:6      | Reached **** piety under Uskayaw
  7807 | D:6      | Reached skill level 9 in Axes
  8130 | D:6      | Noticed Eustachio
  8152 | D:6      | Reached ***** piety under Uskayaw
  8156 | D:6      | Killed Eustachio
  8319 | D:6      | Noticed Blork the orc
  8330 | D:6      | Killed Blork the orc
  8331 | D:6      | Reached XP level 9. HP: 54/75 MP: 8/8
  8610 | D:6      | Noticed Pikel
  9590 | D:7      | Found a sand-covered staircase.
  9640 | Ossuary  | Entered an ossuary
 10099 | D:7      | Reached skill level 10 in Axes
 10454 | D:7      | Reached skill level 1 in Polearms
 10746 | D:7      | Reached skill level 1 in Throwing
 11872 | D:8      | Reached skill level 11 in Axes
 12163 | D:7      | Reached XP level 10. HP: 66/86 MP: 9/9
 13611 | D:8      | Found a bloodstained altar of Trog.
 13612 | D:8      | Found an iron altar of Okawaru.
 14217 | D:9      | Reached skill level 12 in Axes
 14539 | D:9      | Noticed an orange crystal statue
 14864 | D:9      | Reached skill level 1 in Invocations
 15167 | D:9      | Noticed a two-headed ogre
 15216 | D:9      | Killed a two-headed ogre
 15387 | D:9      | Reached XP level 11. HP: 74/94 MP: 11/11
 15794 | D:10     | Entered Level 10 of the Dungeon
 16242 | D:10     | Reached skill level 13 in Axes
 16481 | D:10     | Found a staircase to the Lair.
 16672 | D:10     | Noticed a two-headed ogre
 16692 | D:10     | Killed a two-headed ogre
 16924 | D:10     | Reached skill level 10 in Armour
 17253 | D:10     | Found a runed translucent door.
 17253 | D:10     | Noticed a cyan ugly thing
 17254 | D:10     | Noticed a boulder beetle
 17938 | D:11     | Noticed a two-headed ogre
 17945 | D:10     | Killed a two-headed ogre
 18229 | D:10     | Killed a cyan ugly thing
 19011 | Lair:1   | Entered Level 1 of the Lair of Beasts
 19508 | Lair:1   | Reached skill level 5 in Stealth
 19515 | Lair:1   | Reached skill level 14 in Axes
 19975 | Lair:1   | Reached XP level 12. HP: 99/105 MP: 14/14
 20846 | Lair:2   | Found a staircase to the Shoals.
 21190 | Lair:2   | Reached skill level 5 in Invocations
 21993 | Lair:3   | Noticed a four-headed hydra
 22449 | Lair:3   | Killed a three-headed hydra
 22455 | Lair:3   | Found a staircase to the Snake Pit.
 22520 | Lair:3   | Reached skill level 10 in Fighting
 24102 | Lair:4   | Reached skill level 15 in Axes
 24704 | Lair:4   | Noticed a death yak
 24712 | Lair:4   | Killed a death yak
 24935 | Lair:4   | Reached XP level 13. HP: 92/115 MP: 17/17
 25200 | Lair:4   | Found a staircase to the Slime Pits.
 25201 | Lair:4   | Found a viscous altar of Jiyva.
 25529 | Lair:4   | Mangled by a six-headed hydra

Illustrated notes

Levels and vault maps discovered:
D:1:      dpeg_arrival_brainrot, layout_basic, chequers_serial_rivers_micro_c
D:2:      layout_loops_cross, hellmonk_ecumenical_altar_lost_god,
          minmay_misc_feat_tiny, uniq_sigmund
D:3:      layout_basic, uniq_jessica
D:4:      layout_loops_cross, gammafunk_temple_overflow_pools,
          minmay_temple_entry_slanted, portal_sewer_entry_d, uniq_robin
D:5:      layout_basic, nicolae_wu_jian_glorious_leap, serial_shops, shop,
          uniq_duvessa
D:6:      layout_basic, uniq_eustachio, uniq_blork_the_orc, uniq_pikel
D:7:      layout_loops_cross, nicolae_ossuary_entry_catacombs,
          minmay_fountain_box, minmay_increasing_density
D:8:      layout_cave_pools, grunt_temple_overflow_bloody_war, serial_undead,
          serial_undead_a, serial_undead_e, serial_undead_a, serial_undead_c,
          serial_undead_c, serial_undead_b, serial_undead_b
D:9:      layout_basic, enter_bailey_3, dreamdust_wishing_well,
          minmay_statue_bubble
D:10:     layout_rooms, minmay_lair_entry_grove, chequers_serial_rivers_micro_a,
          minivault_13
D:11:     layout_loops_ring, minmay_orc_entry_temple_small
Lair:1:   layout_misc_corridors
Lair:2:   layout_cave_shapes, shoals_dummy_entry
Lair:3:   layout_chaotic_city, guppyfry_snake_entry_island,
          nicolae_quartered_pool_medium, beast_lair_carwin_2
Lair:4:   nzn_winding_woodlands_three_and_one
          [nzn_winding_woodlands_5x15_pathside_ponds,
          nzn_winding_woodlands_5x15_twine, nzn_winding_woodlands_5x15_garden,
          nzn_winding_woodlands_center_triple_pond], layout_small_grid,
          slime_entry_1, beast_lair_carwin_10

Skill      XL: |  1  2  3  4  5  6  7  8  9 10 11 12 13 |
---------------+----------------------------------------+-----
Fighting       | 4 5 6 7 8 9 10 | 10.8
Armour         | 4 5 6 7 8 9 10 11 12 | 12.0
Shields        | 4 5 6 7 8 |  8.0
Axes           | 4 5 6 8 9 11 12 14 15 | 15.3
Dodging        | 1 2 3 |  3.7
Ranged Weapons | 1 2 3 4 |  4.5
Stealth        | 1 2 3 4 5 6 |  6.0
Polearms       | 2 |  2.6
Throwing       | 1 2 |  2.3
Invocations    | 2 4 6 |  6.9
Maces & Flails | |  0.3
Evocations     | |  0.8

Action                   |  1- 3 |  4- 6 |  7- 9 | 10-12 | 13-15 || total
-------------------------+-------+-------+-------+-------+-------++-------
Melee: War axe           |    59 |   135 |   343 |   527 |    23 ||  1087
       Headbutt          |     6 |    20 |    77 |   132 |     5 ||   240
       Trident           |       |       |    32 |       |       ||    32
       Sling             |       |       |    10 |       |       ||    10
       Whip              |       |       |       |    13 |       ||    13
 Fire: Sling             |     3 |    13 |    33 |    42 |     3 ||    94
Throw: Javelin           |       |       |     5 |       |       ||     5
       Throwing net      |       |       |     2 |       |       ||     2
       Stone             |       |       |     7 |       |       ||     7
       Dart              |       |       |     1 |    16 |       ||    17
Invok: Stomp             |       |       |       |     7 |       ||     7
Evoke: Wand              |       |       |     1 |    11 |       ||    12
  Use: Scroll            |     2 |     5 |     8 |    13 |     1 ||    29
       Potion            |     1 |     3 |     6 |     2 |       ||    12
 Stab: Paralysed         |       |       |    16 |    33 |       ||    49
       Held in net/web   |       |       |     2 |       |       ||     2
Armor: Scale mail        |    14 |    12 |       |       |       ||    26
       Chain mail        |       |   111 |   207 |   184 |    17 ||   519
Dodge: Dodged            |    40 |    55 |   139 |   162 |    15 ||   411
Block: Buckler           |    12 |    32 |    86 |   144 |    18 ||   292
